 Dungeon Crawl Stone Soup version 0.28-b1-25-g9875b3fc8c (webtiles) character file.

Game seed: 18186248118149451353

388260 KamiKatze the Executioner (level 22, -1/216 HPs)
             Began as a Minotaur Berserker on Feb 1, 2022.
             Was the Champion of Trog.
             Slain by an iron troll (8 damage)
             ... on level 3 of the Depths.
             The game lasted 03:21:56 (45462 turns).

KamiKatze the Executioner (Minotaur Berserker)     Turns: 45462, Time: 03:21:57

Health: -1/216     AC: 31    Str: 33    XL:     22   Next: 4%
Magic:  21/21      EV: 23    Int:  4    God:    Trog [******]
Gold:   1677       SH:  0    Dex: 15    Spells: 21/21 levels left

rFire   + + .      SeeInvis +   a - +8 executioner's axe of the Wasteland {vorpal, Fly Will+}
rCold   + . .      Faith    .   (shield currently unavailable)
rNeg    . . .      Spirit   .   V - +4 plate armour {rF+}
rPois   .          Reflect  .   B - +2 hat
rElec   +          Harm     .   q - scarf {rC+ rF+}
rCorr   +          Rampage  .   G - +1 pair of gloves
Will    +++++                   U - +0 pair of boots of Daets {Will+}
Stlth   ..........              S - amulet of regeneration
HPRegen 2.26/turn               E - ring of resist corrosion
MPRegen 0.17/turn               c - ring "Plog" {rElec EV+4 Str+2 Dex+3 SInv}

@: strong-willed, flying, regenerating, unable to read
A: horns 2, retaliatory headbutt, inability to read while threatened
}: 2/15 runes: decaying, serpentine
a: Renounce Religion, Berserk, Trog's Hand, Brothers in Arms


You were on level 3 of the Depths.
You worshipped Trog.
Trog was exalted by your worship.
You visited 8 branches of the dungeon, and saw 39 of its levels.
You also visited: Gauntlet and Volcano.

You collected 5740 gold pieces.
You spent 4063 gold pieces at shops.

Inventory:

Hand Weapons
 a - the +8 executioner's axe of the Wasteland (weapon) {vorpal, Fly Will+}
   (You acquired it on level 7 of the Dungeon)

   It inflicts extra damage upon your enemies.
   Fly:       It grants you flight.
   Will:      It increases your willpower.
 e - a +4 antimagic battleaxe
 w - a +3 executioner's axe of flaming
 Z - a +3 executioner's axe of chaos
Missiles
 o - 4 curare-tipped darts
 p - 42 poisoned darts (quivered)
 D - 5 throwing nets
 N - 3 atropa-tipped darts
Armour
 b - +0 swamp dragon scales
 q - a scarf of resistance (worn)
 B - a +2 hat (worn)
 G - a +1 pair of gloves (worn)
 U - the +0 pair of boots of Daets (worn) {Will+}
   (You found it in a Gauntlet)

   Will:      It increases your willpower.
 V - a +4 plate armour of fire resistance (worn)
Jewellery
 c - the ring "Plog" (right hand) {rElec EV+4 Str+2 Dex+3 SInv}
   (You bought it in a shop on level 2 of the Snake Pit)

   [ring of evasion]

   EV:        It affects your evasion (+4).
   Str:       It affects your strength (+2).
   Dex:       It affects your dexterity (+3).
   rElec:     It insulates you from electricity.
   SInv:      It lets you see invisible.
 f - the ring "Nemuiq" {Fly rN+ Int+2 Stlth+}
   (You found it on level 2 of the Depths)

   [ring of flight]

   Int:       It affects your intelligence (+2).
   rN:        It protects you from negative energy.
   Fly:       It grants you flight.
   Stlth:     It makes you more stealthy.
 E - a ring of resist corrosion (left hand)
 K - a ring of protection from cold
 S - an amulet of regeneration (around neck)
 W - a ring of flight
 X - a +6 ring of intelligence
 Y - a ring of protection from cold
Wands
 s - a wand of polymorph (29)
 t - a wand of digging (10)
 v - a wand of flame (82)
 A - a wand of paralysis (10)
 F - a wand of iceblast (23)
 I - a wand of acid (23)
 R - a wand of mindburst (18)
Scrolls
 g - 2 scrolls of fear
 h - 4 scrolls of magic mapping
 i - 6 scrolls of fog
 k - 24 scrolls of identify
 l - 17 scrolls of teleportation
 M - 5 scrolls of blinking
 P - 3 scrolls of summoning
Potions
 d - 19 potions of curing
 j - 8 potions of heal wounds
 n - 3 potions of berserk rage
 r - 4 potions of ambrosia
 u - a potion of mutation
 x - a potion of experience
 y - 5 potions of attraction
 z - 7 potions of flight
 H - 3 potions of lignification
 J - 3 potions of haste
 L - 3 potions of cancellation
 O - 4 potions of might
 Q - 2 potions of resistance
 T - 9 potions of invisibility
Miscellaneous
 m - a condenser vane
 C - a tin of tremorstones (2/2)


   Skills:
 * Level 22.3 Fighting
 - Level 24.0 Axes
 * Level 22.2 Armour
 * Level 20.7 Dodging
 * Level 14.1 Evocations


You had 21 spell levels left.
You didn't know any spells.
Your spell library was empty.

Dungeon Overview and Level Annotations

Branches:
Dungeon (15/15)            Temple (1/1) D:5            Lair (6/6) D:10
  Swamp (4/4) Lair:3        Snake (4/4) Lair:3        Slime (0/5) Lair:6
    Orc (2/2) D:10            Elf (0/3) Orc:2        Vaults (4/5) D:13
  Crypt (0/3) Vaults:3     Depths (3/4) D:15        Volcano (visited)
Gauntlet (visited)

Altars:
Ashenzari
Cheibriados
Dithmenos
Elyvilon
Fedhas
Gozag
Hepliaklqana
Kikubaaqudgha
Makhleb
Nemelex Xobeh
Okawaru
Qazlal
Ru
Sif Muna
Trog
Uskayaw
Vehumet
Wu Jian
Xom
Yredelemnul
Zin
The Shining One
Beogh
Lugonu

Shops:
D:2 ?   D:7 :   D:12 *   D:14 (   Orc:2 =(**[   Snake:2 *=:   Snake:3 ??[
Snake:4 !   Vaults:3 *   Vaults:4 ?

Portals:
Hell: Depths:1 Depths:2
Abyss: Lair:6
Pandemonium: Depths:1 Depths:2 Depths:3
Ziggurat: Depths:2

Annotations:
Swamp:4 Bai Suzhen
Snake:4 1 runed translucent door, exclusion: door, Soawkar's ghost, adept GrFi
Vaults:4 exclusion: obsidian statue
Depths:1 exclusion: obsidian statue


Innate Abilities, Weirdness & Mutations

You have a pair of horns on your head.
You reflexively headbutt those who attack you in melee.
You sometimes lose the ability to read scrolls when taking damage.


Message History

The necromancer binds the souls of nearby monsters.
The deep troll misses you. You furiously retaliate!
You headbutt the deep troll.
The deep troll claws you but does no damage.
The deep troll barely misses you.
The hell knight hits you from afar with a +5 glaive!
* * * LOW HITPOINT WARNING * * *
You hit the deep troll.
You kill the deep troll!
Trog accepts your kill.
You open the deep troll like a pillowcase!!!
You kill the deep troll!
Trog accepts your kill.
A freezing mist starts to gather... x2 2 deep troll simulacra come into view.
The hell knight hits you from afar with a +5 glaive.
* * * LOW HITPOINT WARNING * * *
Your life force feels restored.
You barely miss the deep troll simulacrum.
The hell knight hits you but does no damage.
Unknown command.
You cut the deep troll simulacrum into ribbons!!!
The deep troll simulacrum vaporises!
The hell knight hits you from afar with a +5 glaive!!
* * * LOW HITPOINT WARNING * * *
Unknown command.
You hit the iron troll but do no damage.
You headbutt the iron troll, but do no damage.
The hell knight hits you from afar with a +5 glaive!!
* * * LOW HITPOINT WARNING * * *
Unknown command.
You hit the iron troll but do no damage.
You slice the necromancer!!
The hell knight gestures at you while chanting.
You hear a sizzling sound!
The necromancer hits you but does no damage.
The iron troll bites you!!
* * * LOW HITPOINT WARNING * * *
The iron troll claws you!
You die...

####........##...#.#.#
..)##.......##.#.#...#
#'#.#####'.#.#.. .....
#:#.#####.#....##..... #
###.#.....##........ ....
...#####..##....#.###.#..
#'######..##............
..# #.....#....T#.....##
#.# #.##)#.#.#.p@Z......
#.###+##)#..)#)#)#...#.# #
#.#.....).......p#.#.#....
#.#....##.....##..DG...#
#.#>...............#.p...$
#.#.....#.###.#....# ...#.
#.#......[.........# ....
#.#....##.....##.... ##.
+... .........#.#.


You could see an iron troll (soul bound), a hell knight (fast, soul bound), a
necromancer and a deep troll simulacrum.

Vanquished Creatures
  A dread lich (Depths:2)
  Mennas (Vaults:3)
  the Lernaean hydra (Swamp:4)
  Saint Roka (Depths:2)
  A tentacled monstrosity (Swamp:4)
  2 liches
  Mlioglotl (Swamp:2)
  2 sphinxes (Vaults:4)
  Frances (D:14)
  2 storm dragons
  2 shadow dragons
  Agnes (Snake:4)
  5 nagarajas
  A fenstrider witch (Swamp:2)
  Donald (Vaults:1)
  2 fire giants
  Roxanne (Swamp:3)
  A frost giant (shapeshifter) (D:13)
  7 vault wardens
  An orc warlord (Orc:2)
  A cacodemon (Depths:1)
  A deep elf sorcerer (Vaults:3)
  A spectral caustic shrike (Depths:2)
  2 iron dragons (Depths:2)
  2 spectral juggernauts (Depths:2)
  16 ironbound preservers
  9 ironbound thunderhulks
  3 war gargoyles
  6 stone giants
  6 vampire knights
  16 very ugly things
  2 entropy weavers
  5 eleionomae
  3 bunyips (Swamp:1)
  Azrael (Snake:1)
  A minotaur (Gauntlet)
  4 dire elephants (Vaults:1)
  5 spark wasps
  The ghost of Lapinsky1 the Archer, a journeyman MiHu of Cheibriados (Orc:2)
  3 ettins
  3 spectral titans (Depths:2)
  An eidolon (Depths:2)
  4 fire dragons (Depths:1)
  7 yaktaur captains
  A deep elf death mage (Depths:2)
  2 merfolk javelineers (Depths:1)
  A spectral golden dragon (Depths:2)
  6 ice dragons
  A boulder beetle (Lair:6)
  A deep elf high priest (Vaults:3)
  4 salamander tyrants (Snake:4)
  7 great orbs of eyes
  2 rakshasas (Depths:1)
  Harold (D:11)
  4 ghost crabs
  A peacekeeper (Vaults:3)
  12 naga warriors
  3 vault guards
  23 hydras
  A boulder beetle (shapeshifter) (Gauntlet)
  5 spectral spriggans (Depths:2)
  12 ironbound frosthearts
  A juggernaut simulacrum (Depths:2)
  3 spectral tengu (Depths:2)
  2 caustic shrike simulacra (Depths:2)
  9 anacondas
  12 alligators
  20 centaur warriors
  A deep troll shaman (Depths:2)
  Erica (Lair:1)
  A spectral fire giant (Depths:2)
  2 spectral frost giants (Depths:2)
  A spectral stone giant (Depths:2)
  8 death yaks
  4 deep troll earth magi
  8 tengu warriors
  3 vampire magi
  6 two-headed ogres
  A death yak (shapeshifter) (Gauntlet)
  3 spectral storm dragons (Depths:2)
  9 shock serpents
  3 orc high priests
  2 spriggan berserkers (Depths:3)
  2 thrashing horrors (Lair:6)
  9 naga sharpshooters
  8 hell knights
  2 soul eaters (Depths:1)
  12 sun demons
  Nergalle (Lair:3)
  4 sixfirhies (Depths:1)
  18 skeletal warriors
  3 spectral spark wasps (Depths:2)
  5 salamander mystics
  2 death drakes (Depths:2)
  6 goliath frogs
  A quicksilver dragon simulacrum (Depths:1)
  11 bog bodies
  5 flayed ghosts (Depths:2)
  8 wizards
  5 glowing orange brains
  6 spriggan druids
  51 deep trolls
  7 naga ritualists
  9 swamp dragons
  2 tengu zombies
  2 obsidian statues
  11 lindwurms
  2 orange crystal statues (Depths:2)
  16 ironbound convokers
  3 large abominations
  A shadow dragon zombie (D:15)
  7 phantasmal warriors
  2 necromancers
  3 spectral iron dragons (Depths:2)
  2 deep elf pyromancers
  A deep elf zephyrmancer (Orc:1)
  17 harpies
  9 orc knights
  8 mana vipers
  An oklob plant (D:10)
  3 will-o-the-wisps
  3 shining eyes (Depths:1)
  2 manticores (D:12)
  12 salamanders
  A manticore (shapeshifter) (Gauntlet)
  53 ugly things
  6 cyclopes
  4 orc sorcerers
  Maurice (D:8)
  4 guardian serpents (Snake:4)
  3 titan simulacra (Depths:2)
  3 rust devils
  14 vault sentinels
  25 elephants
  5 orange demons
  A black mamba (shapeshifter) (D:15)
  38 black mambas
  12 cane toads
  3 gargoyles (Volcano)
  12 naga magi
  A storm dragon simulacrum (Depths:2)
  4 smoke demons
  A kobold demonologist (D:9)
  A spriggan zombie (D:15)
  A rime drake (shapeshifter) (Gauntlet)
  2 hellions
  A rime drake (Lair:4)
  10 komodo dragons
  Maggie (D:8)
  3 ice devils
  4 ancient zymes (Lair:6)
  2 hellwings (Depths:1)
  8 yaktaurs
  8 tengu conjurers
  4 red devils (Depths:1)
  2 golden dragon simulacra (Depths:2)
  10 hornets
  A polar bear (shapeshifter) (Lair:6)
  A queen bee (shapeshifter) (D:13)
  A bloated husk (Swamp:4)
  3 tengu simulacra (Depths:2)
  A polar bear (Lair:2)
  3 meliai (Gauntlet)
  4 trolls
  2 shadow dragon simulacra (Depths:2)
  36 blink frogs
  5 tyrant leeches
  11 dream sheep
  3 harpy skeletons (Volcano)
  An ettin zombie (D:15)
  34 slime creatures
  4 ynoxinuls
  3 flying skulls (Volcano)
  2 wraiths
  A centaur simulacrum (D:14)
  13 spriggans
  6 water elementals
  49 yaks
  Sigmund (D:6)
  4 wyverns
  5 basilisks
  A golden eye (shapeshifter) (D:14)
  A hog (shapeshifter) (D:15)
  2 fire elementals (Snake:1)
  5 chaos spawn
  7 vampire mosquitoes
  A steam dragon (D:9)
  3 wargs
  Edmund (D:6)
  39 nagas
  15 swamp worms
  Duvessa (D:4)
  6 hell hounds
  18 water moccasins
  3 floating eyes
  2 sky beasts
  A floating eye (shapeshifter) (Depths:1)
  43 orc warriors
  12 swamp drakes
  5 black bears
  11 ogres
  17 wolves
  2 spriggan simulacra
  13 centaurs
  13 small abominations
  2 kobold brigands (D:9)
  14 bullfrogs
  A water moccasin zombie (D:7)
  A glowing shapeshifter simulacrum (Depths:2)
  6 killer bees
  A troll skeleton (Volcano)
  A spriggan skeleton (Volcano)
  10 howler monkeys
  8 electric eels
  3 centaur zombies
  A crimson imp (Orc:1)
  Crazy Yiuf (D:6)
  14 orc priests
  5 hounds
  An iron imp (Orc:1)
  2 bullfrog skeletons (D:5)
  A centaur skeleton (D:6)
  6 hell rats (Lair:5)
  25 orc wizards
  2 killer bee zombies
  A hound zombie (D:5)
  A hound skeleton (D:5)
  A howler monkey zombie (D:6)
  7 gnolls
  5 adders
  3 shadow imps
  A white imp (D:5)
  2 ufetubi
  A dart slug (D:4)
  93 orcs
  3 bats
  5 endoplasms
  4 giant cockroaches
  4 goblins
  7 hobgoblins
  9 quokkas
  6 ball pythons
  3 frilled lizards
  13 kobolds
  5 rats
  A fire vortex (Depths:1)
1551 creatures vanquished.

Vanquished Creatures (others)
  A goliath frog (Swamp:3)
  A tengu conjurer (Depths:1)
  A bloated husk (Swamp:2)
  A white imp (Orc:1)
  An orc (Orc:1)
  4 demonic plants (Gauntlet)
  18 foxfires
  44 fungi
  83 plants
  14 withered plants (Gauntlet)
168 creatures vanquished.

Grand Total: 1719 creatures vanquished

Notes
Turn   | Place    | Note
-------+----------+-------------------------------------------
     0 | D:1      | KamiKatze the Minotaur Berserker began the quest for the
                  | Orb.
     0 | D:1      | Reached XP level 1. HP: 19/19 MP: 0/0
   204 | D:1      | Reached XP level 2. HP: 19/27 MP: 1/1
   208 | D:1      | Reached skill level 4 in Axes
   379 | D:1      | Found a faded altar of an unknown god.
   478 | D:1      | Reached ** piety under Trog
   965 | D:2      | Reached XP level 3. HP: 32/33 MP: 2/2
  1029 | D:2      | Found Lossov's Magic Scroll Shoppe.
  1039 | D:2      | Bought a scroll of identify for 26 gold pieces
  1039 | D:2      | Bought a scroll of teleportation for 39 gold pieces
  1243 | D:2      | Reached XP level 4. HP: 28/40 MP: 3/3
  2163 | D:4      | Noticed Duvessa
  2164 | D:4      | Noticed Dowan
  2294 | D:4      | Killed Duvessa
  2295 | D:4      | Reached skill level 5 in Axes
  2295 | D:4      | Reached XP level 5. HP: 47/47 MP: 4/4
  2422 | D:4      | Noticed Dowan
  2422 | D:4      | Dowan changed into Dowan the killer bee
  2426 | D:4      | Killed Dowan the killer bee
  2681 | D:4      | Reached XP level 6. HP: 55/55 MP: 5/5
  2716 | D:4      | Reached skill level 6 in Axes
  2753 | D:4      | Reached skill level 5 in Fighting
  3294 | D:4      | Reached XP level 7. HP: 55/61 MP: 6/6
  3370 | D:5      | Entered Level 5 of the Dungeon
  3406 | D:5      | Found a staircase to the Ecumenical Temple.
  3433 | D:4      | Reached skill level 7 in Axes
  3568 | D:5      | Reached skill level 5 in Armour
  3678 | D:5      | Reached *** piety under Trog
  3692 | Temple   | Entered the Ecumenical Temple
  4069 | D:5      | Reached skill level 5 in Dodging
  4069 | D:5      | Reached XP level 8. HP: 46/70 MP: 7/7
  4091 | D:5      | Reached skill level 8 in Axes
  4735 | D:2      | Bought a scroll of brand weapon for 260 gold pieces
  4995 | D:6      | Reached skill level 1 in Evocations
  5174 | D:6      | Noticed Sigmund
  5202 | D:6      | Killed Sigmund
  5203 | D:6      | Reached skill level 9 in Axes
  5392 | D:6      | Noticed Edmund
  5423 | D:6      | Killed Edmund
  5424 | D:6      | Reached XP level 9. HP: 46/79 MP: 8/8
  5965 | D:6      | Found a runed translucent door.
  5966 | D:6      | Noticed Crazy Yiuf
  5997 | D:6      | Killed Crazy Yiuf
  6224 | D:7      | Identified a scroll of acquirement
  6224 | D:7      | Acquired the +8 executioner's axe of the Wasteland {vorpal,
                  | Fly Will+}
  6528 | D:7      | Found Fezib's Book Emporium.
  6607 | D:7      | Found a sacrificial altar of Ru.
  6722 | D:8      | You fall into a shaft and drop 1 floor!
  6759 | D:9      | Reached skill level 10 in Axes
  7309 | D:8      | Noticed Maurice
  7337 | D:8      | Killed Maurice
  7338 | D:8      | Reached skill level 11 in Axes
  7452 | D:8      | Reached XP level 10. HP: 59/88 MP: 9/9
  7797 | D:8      | Noticed a two-headed ogre
  7811 | D:8      | Killed a two-headed ogre
  7981 | D:8      | Reached skill level 12 in Axes
  8367 | D:8      | Noticed Maggie
  8377 | D:8      | Killed Maggie
  8592 | D:9      | Found a sparkling altar of Nemelex Xobeh.
  8594 | D:9      | Found a bloodstained altar of Trog.
  8597 | D:9      | Found a broken altar of Ashenzari.
  8601 | D:9      | Found a radiant altar of Vehumet.
  8603 | D:9      | Found an opulent altar of Gozag.
  8604 | D:9      | Found a shimmering altar of Xom.
  8606 | D:9      | Found a glowing silver altar of Zin.
  8631 | D:9      | Reached **** piety under Trog
  8632 | D:9      | Found a white marble altar of Elyvilon.
  8683 | D:9      | Found an ornate altar of the Wu Jian Council.
  8712 | D:9      | Identified the +6 hand axe of Juihufur {freeze, *Corrode
                  | rElec rC+++ Will+}
  9120 | D:10     | Entered Level 10 of the Dungeon
  9120 | D:10     | Noticed a skeletal warrior
  9124 | D:10     | Reached skill level 13 in Axes
  9143 | D:10     | Killed a skeletal warrior
  9144 | D:10     | Noticed a skeletal warrior
  9210 | D:10     | Noticed a two-headed ogre
  9224 | D:10     | Killed a two-headed ogre
  9225 | D:10     | Reached skill level 14 in Axes
  9225 | D:10     | Reached XP level 11. HP: 82/97 MP: 10/10
  9530 | D:10     | Found a staircase to the Lair.
  9530 | D:10     | Found a snail-covered altar of Cheibriados.
  9563 | D:10     | Noticed an oklob plant
  9572 | D:10     | Noticed a skeletal warrior
  9584 | D:9      | Killed a skeletal warrior
  9640 | D:10     | Killed a skeletal warrior
  9641 | D:10     | Reached skill level 15 in Axes
  9666 | D:10     | Noticed a skeletal warrior
  9691 | D:10     | Killed a skeletal warrior
  9845 | D:10     | Killed an oklob plant
 10206 | D:10     | Found a staircase to the Orcish Mines.
 10317 | D:11     | Noticed an obsidian statue
 10406 | D:11     | Reached skill level 16 in Axes
 10603 | D:2      | Bought a scroll of identify for 26 gold pieces
 10603 | D:2      | Bought a scroll of identify for 26 gold pieces
 10780 | Lair:1   | Entered Level 1 of the Lair of Beasts
 10978 | Lair:1   | Noticed Erica
 10986 | Lair:1   | Killed Erica
 11028 | Lair:1   | Reached skill level 17 in Axes
 11134 | Lair:1   | Noticed an eight-headed hydra
 11151 | Lair:1   | Killed a five-headed hydra
 11684 | Lair:2   | Reached skill level 18 in Axes
 11684 | Lair:2   | Reached XP level 12. HP: 91/104 MP: 11/11
 12397 | Lair:3   | Found a gate leading to a gauntlet.
 12418 | Gauntlet | Entered a Gauntlet
 12418 | Gauntlet | Found a transporter.
 12418 | Gauntlet | Found a transporter.
 12438 | Gauntlet | Found a transporter.
 12454 | Gauntlet | Found a transporter.
 12459 | Gauntlet | Noticed a two-headed ogre
 12461 | Gauntlet | a two-headed ogre changed into a slime creature
 12464 | Gauntlet | Noticed an ice dragon
 12464 | Gauntlet | a slime creature changed into an ice dragon
 12472 | Gauntlet | Found a transporter.
 12477 | Gauntlet | Noticed a two-headed ogre
 12479 | Gauntlet | an ice dragon changed into a sea snake
 12482 | Gauntlet | Noticed a boulder beetle
 12482 | Gauntlet | a lindwurm changed into a boulder beetle
 12483 | Gauntlet | a two-headed ogre changed into a manticore
 12487 | Gauntlet | Found a transporter.
 12490 | Gauntlet | Noticed a fire dragon
 12490 | Gauntlet | a boulder beetle changed into a fire dragon
 12510 | Gauntlet | Found a transporter.
 12543 | Gauntlet | Noticed a satyr
 12543 | Gauntlet | a fire dragon changed into a satyr
 12567 | Gauntlet | Noticed a quicksilver ooze
 12567 | Gauntlet | a sea snake changed into a quicksilver ooze
 12571 | Gauntlet | Noticed a satyr
 12574 | Gauntlet | Noticed a quicksilver ooze
 12574 | Gauntlet | a satyr changed into a quicksilver ooze
 12575 | Gauntlet | Noticed a bunyip
 12575 | Gauntlet | a quicksilver ooze changed into a bunyip
 12580 | Gauntlet | Noticed a boulder beetle
 12580 | Gauntlet | a bunyip changed into a boulder beetle
 12607 | Gauntlet | Found a transporter.
 12619 | Gauntlet | Noticed a fire dragon
 12639 | Gauntlet | Found a transporter.
 12661 | Gauntlet | Found a transporter.
 12665 | Gauntlet | Found a transporter.
 12687 | Gauntlet | Noticed a green death
 12696 | Gauntlet | Found a transporter.
 12698 | Gauntlet | Noticed a reaper
 12708 | Gauntlet | Noticed an anaconda
 12708 | Gauntlet | a snapping turtle changed into an anaconda
 12711 | Gauntlet | Noticed a broodmother
 12711 | Gauntlet | an anaconda changed into a broodmother
 12717 | Gauntlet | Found a transporter.
 12728 | Gauntlet | Found a transporter.
 12731 | Gauntlet | Noticed a quicksilver ooze
 12731 | Gauntlet | a broodmother changed into a quicksilver ooze
 12733 | Gauntlet | Noticed a minotaur
 12733 | Gauntlet | a quicksilver ooze changed into a minotaur
 12738 | Gauntlet | Noticed a storm dragon
 12738 | Gauntlet | a minotaur changed into a storm dragon
 12740 | Gauntlet | Noticed a minotaur
 12740 | Gauntlet | a storm dragon changed into a minotaur
 12742 | Gauntlet | Noticed a storm dragon
 12742 | Gauntlet | a minotaur changed into a storm dragon
 12746 | Gauntlet | Noticed a minotaur
 12746 | Gauntlet | a storm dragon changed into a minotaur
 12775 | Gauntlet | Found a transporter.
 12809 | Gauntlet | Found a transporter.
 12916 | Gauntlet | Reached skill level 10 in Fighting
 13012 | Gauntlet | Noticed an emperor scorpion
 13014 | Gauntlet | Noticed a boulder beetle
 13028 | Gauntlet | Noticed an azure jelly
 13028 | Gauntlet | an emperor scorpion changed into an azure jelly
 13071 | Gauntlet | Noticed an entropy weaver
 13076 | Gauntlet | Noticed a death yak
 13076 | Gauntlet | an entropy weaver changed into a death yak
 13080 | Gauntlet | Killed a death yak
 13091 | Gauntlet | Reached skill level 19 in Axes
 13095 | Gauntlet | Killed a boulder beetle
 13096 | Gauntlet | Reached skill level 10 in Armour
 13124 | Gauntlet | Identified the -7 pair of boots of the Eternal Void {rC+
                  | Dex+4}
 13273 | Gauntlet | Identified the +0 pair of boots of Daets {Will+}
 13300 | Gauntlet | Identified the +0 ice dragon scales of the Ancient Moons
                  | {rElec rF- rC++ rN+ rCorr}
 13300 | Gauntlet | Identified the ring of Keisaguv {rElec AC+4}
 13300 | Gauntlet | Noticed a minotaur
 13310 | Gauntlet | Killed a minotaur
 13423 | Gauntlet | Identified the +10 mace "Juruimp" {antimagic, rC- rN+++
                  | rCorr Dex+7}
 13685 | Lair:3   | Noticed Nergalle
 13762 | Lair:3   | Reached XP level 13. HP: 79/114 MP: 12/12
 13839 | Lair:3   | Found a staircase to the Swamp.
 13976 | Lair:3   | Killed Nergalle
 14131 | Lair:3   | Reached ***** piety under Trog
 14262 | Lair:3   | Reached skill level 10 in Dodging
 14284 | Lair:3   | Found a staircase to the Snake Pit.
 14882 | Lair:4   | Reached skill level 20 in Axes
 15917 | Lair:5   | Reached XP level 14. HP: 114/126 MP: 13/13
 16473 | Lair:6   | Entered Level 6 of the Lair of Beasts
 16607 | Lair:5   | Reached skill level 21 in Axes
 16769 | Lair:6   | Received a gift from Trog
 17184 | Lair:6   | Found a staircase to the Slime Pits.
 18099 | Lair:6   | Found a corrupted altar of Lugonu.
 18099 | Lair:6   | Found a one-way gate to the infinite horrors of the Abyss.
 18107 | Lair:6   | Reached skill level 22 in Axes
 18109 | Lair:6   | Identified the +0 cloak of the Catfish {rN+}
 18349 | Orc:1    | Entered Level 1 of the Orcish Mines
 18498 | Orc:1    | Found a dark tunnel.
 18521 | Orc:1    | Received a gift from Trog
 18564 | Volcano  | Entered a volcano
 18810 | Volcano  | Reached XP level 15. HP: 136/136 MP: 14/14
 19482 | Orc:2    | Entered Level 2 of the Orcish Mines
 19490 | Orc:2    | Found Nynenud's Jewellery Boutique.
 19560 | Orc:2    | Reached ****** piety under Trog
 19713 | Orc:2    | Found a staircase to the Elven Halls.
 19799 | Orc:2    | Noticed an orc warlord
 19806 | Orc:2    | Killed an orc warlord
 19862 | Orc:2    | Found Riales's Assorted Antiques.
 19921 | Orc:2    | Found a transporter.
 19926 | Orc:2    | Found a transporter.
 19972 | Orc:2    | Noticed Lapinsky1's ghost (journeyman MiHu)
 20040 | Orc:2    | Found Lisu's Antique Weapon Boutique.
 20111 | Orc:2    | Found Odwuonaa's Antique Armour Shoppe.
 20119 | Orc:2    | Bought a pair of glowing gloves for 232 gold pieces
 20286 | Orc:2    | Found Ylayxu Bokh's General Store.
 20314 | Orc:2    | Bought a scroll of acquirement for 676 gold pieces
 20314 | Orc:2    | Acquired 554 gold pieces
 20458 | Orc:2    | Killed Lapinsky1's ghost
 20472 | Orc:2    | Identified the +0 cloak "Paces" {rC+ Dex+2 Stlth+}
 20578 | D:11     | Noticed Harold
 20584 | D:11     | Killed Harold
 20750 | D:11     | Received a gift from Trog
 21220 | D:11     | Identified the ring "Peapuike" {Will+ Dex+6}
 21564 | D:12     | Found Ocsyshric's Neck Hole.
 22909 | D:13     | Reached skill level 23 in Axes
 23774 | D:13     | Found a gate to the Vaults.
 23776 | D:13     | Identified the +1 dagger of Hospitality {vorpal, Will+
                  | Int+3}
 23860 | D:13     | Noticed a frost giant
 23870 | D:13     | Killed a frost giant
 24058 | D:14     | Found a hazy altar of Hepliaklqana.
 24097 | D:14     | Received a gift from Trog
 24471 | D:14     | Noticed Frances
 24489 | D:14     | Killed Frances
 24748 | D:14     | Reached XP level 16. HP: 147/147 MP: 15/15
 24875 | D:14     | Found Ylupn's Antique Weapon Boutique.
 25022 | D:15     | Entered Level 15 of the Dungeon
 25543 | D:15     | Reached skill level 15 in Fighting
 25685 | D:15     | Found a staircase to the Depths.
 26114 | Swamp:1  | Entered Level 1 of the Swamp
 26227 | Swamp:1  | Reached skill level 15 in Armour
 26421 | Swamp:1  | Reached skill level 24 in Axes
 26798 | Swamp:2  | Received a gift from Trog
 27423 | Swamp:3  | Noticed Mlioglotl
 27456 | Swamp:2  | Killed Mlioglotl
 27523 | Swamp:3  | Identified Roxanne's Papyrus of Shape Shifting
 27523 | Swamp:3  | Noticed Roxanne
 27535 | Swamp:3  | Killed Roxanne
 27658 | Swamp:3  | Reached skill level 5 in Evocations
 27958 | Swamp:3  | Identified the +9 scimitar "Eggoepukh" {flame, Fragile
                  | rElec Int+9 Stlth+}
 28361 | Swamp:4  | Entered Level 4 of the Swamp
 28361 | Swamp:4  | Noticed a tentacled monstrosity
 28369 | Swamp:4  | Killed a tentacled monstrosity
 28384 | Swamp:3  | Reached XP level 17. HP: 134/158 MP: 16/16
 28728 | Swamp:4  | Received a gift from Trog
 28786 | Swamp:4  | Reached skill level 15 in Dodging
 29491 | Swamp:4  | Identified the +9 long sword of Angirchai {drain, rPois rN+
                  | Int+3 Dex+3}
 29509 | Swamp:4  | Noticed Bai Suzhen
 29518 | Swamp:4  | Noticed the 27-headed Lernaean hydra
 29703 | Swamp:4  | Killed the 21-headed Lernaean hydra
 29773 | Swamp:4  | Got a decaying rune of Zot
 29955 | Snake:1  | Entered Level 1 of the Snake Pit
 30257 | Snake:1  | Noticed Azrael
 30261 | Snake:1  | Received a gift from Trog
 30274 | Snake:1  | Killed Azrael
 31275 | Snake:2  | Found Yckerr's Jewellery Shop.
 31280 | Snake:2  | Found Aqozoc's Book Shop.
 31355 | Snake:2  | Found Ageub's Overcharged Wands.
 31813 | Snake:3  | Received a gift from Trog
 32109 | Snake:3  | Reached XP level 18. HP: 134/170 MP: 17/17
 32130 | Snake:3  | Identified the +4 leather armour "Ceduddon" {-Tele rElec
                  | Regen+ Str+6}
 32327 | Snake:3  | Found Quellutaw's Antique Armour Boutique.
 32511 | Snake:3  | Found Cokurph's Magic Scroll Shop.
 32534 | Snake:3  | Bought a twisted plate armour for 728 gold pieces
 32534 | Snake:3  | Identified the +1 plate armour "Joil" {Drain Int+8 Dex+3}
                  | (You bought it in a shop on level 3 of the Snake Pit)
 32577 | Snake:3  | Found Cudael's Magic Scroll Boutique.
 32736 | Snake:4  | Entered Level 4 of the Snake Pit
 32751 | Snake:4  | Found a runed translucent door.
 32974 | Snake:4  | Noticed Agnes
 32985 | Snake:4  | Killed Agnes
 33050 | Snake:4  | Noticed Soawkar's ghost (adept GrFi)
 33475 | Snake:4  | Found Yzor Dudir's Distillery.
 33615 | Snake:4  | Identified the +1 robe of Space {Int+6}
 33968 | Snake:4  | Received a gift from Trog
 34469 | Snake:4  | Got a serpentine rune of Zot
 34777 | Snake:2  | Bought the ring "Plog" {rElec EV+4 Str+2 Dex+3 SInv} for
                  | 776 gold pieces
 35016 | Vaults:1 | Entered Level 1 of the Vaults
 35169 | Vaults:1 | Noticed Donald
 35229 | Vaults:1 | Killed Donald
 35419 | Vaults:1 | Received a gift from Trog
 35799 | Vaults:1 | Reached XP level 19. HP: 152/181 MP: 18/18
 35815 | Vaults:1 | Reached skill level 10 in Evocations
 36676 | Vaults:2 | Received a gift from Trog
 37353 | Vaults:2 | Received a gift from Trog
 38263 | Vaults:3 | Reached XP level 20. HP: 113/193 MP: 19/19
 38330 | Vaults:3 | Received a gift from Trog
 38498 | Vaults:3 | Found a staircase to the Crypt.
 38498 | Vaults:3 | Found a basalt altar of Yredelemnul.
 38499 | Vaults:3 | Found an ancient bone altar of Kikubaaqudgha.
 38664 | Vaults:3 | Found Lafir's Assorted Antiques.
 38812 | Vaults:3 | Noticed Mennas
 38843 | Vaults:3 | Killed Mennas
 39234 | Vaults:4 | Identified the +9 flail of the New World {vorpal, Int+3}
 39310 | Vaults:4 | Found Woodin's Magic Scroll Shoppe.
 39714 | Vaults:4 | Received a gift from Trog
 40939 | Snake:3  | Bought a shiny plate armour for 676 gold pieces
 41316 | Vaults:3 | Bought a shiny plate armour for 598 gold pieces
 41554 | Depths:1 | Entered Level 1 of the Depths
 41555 | Depths:1 | Found a broken altar of Ashenzari.
 41593 | Depths:1 | Found a gateway to Hell.
 41671 | Depths:1 | Gained mutation: You sometimes lose the ability to read
                  | scrolls when taking damage. [a shining eye]
 41849 | Depths:1 | Found a one-way gate leading to the halls of Pandemonium.
 42152 | Depths:1 | Received a gift from Trog
 42239 | Depths:1 | Found a burning altar of Makhleb.
 42373 | Depths:1 | Reached XP level 21. HP: 200/204 MP: 20/20
 42404 | Depths:1 | You are sucked into a shaft and drop 1 floor!
 42580 | Depths:2 | Received a gift from Trog
 42744 | Depths:2 | Found a one-way gateway to a ziggurat.
 42764 | Depths:2 | Identified the ring "Nemuiq" {Fly rN+ Int+2 Stlth+}
 43502 | Depths:1 | Paralysed by a floating eye for 2 turns
 43686 | Depths:1 | Received a gift from Trog
 43934 | Depths:1 | Found a burning altar of Makhleb.
 43934 | Depths:1 | Found the +14 obsidian axe {vorpal, Mesm Drain Fly SInv}
 44694 | Depths:2 | Noticed a dread lich
 44707 | Depths:2 | Killed a dread lich
 44839 | Depths:2 | Noticed Saint Roka
 44844 | Depths:2 | Killed Saint Roka
 45404 | Depths:3 | Received a gift from Trog
 45450 | Depths:3 | Reached XP level 22. HP: 131/210 MP: 21/21
 45462 | Depths:3 | HP: 7/216 [iron troll (18)]
 45462 | Depths:3 | Slain by an iron troll

Illustrated notes

Levels and vault maps discovered:
D:1:      dpeg_arrival_round_b, layout_basic,
          ebering_ecumenical_altar_abandoned, chequers_serial_rivers_marsh,
          minivault_23
D:2:      layout_basic, serial_shops, shop_fountains
D:3:      layout_loops_corners
D:4:      layout_loops_ring, uniq_duvessa
D:5:      layout_loops_ring, minmay_temple_entry_arrows
D:6:      layout_basic, uniq_edmund, uniq_sigmund, uniq_crazy_yiuf_cottage
D:7:      layout_basic, mainiacjoe_overflow_concentric_impassable, serial_shops,
          shop_fountains, chequers_serial_rivers_micro_d
D:8:      layout_loops_ring, columned_hall_lemuel, uniq_maggie, uniq_maurice
D:9:      layout_grid_maze, nicolae_overflow_hallway_of_the_gods
D:10:     layout_cave_pools, amcnicky_altar_gilded, dpeg_oklobed_lair,
          hiddenorc1_lemuel, minivault_10
D:11:     layout_gridville, minmay_crystal_water, minivault_15,
          serial_park_tiny_2, uniq_harold
D:12:     layout_stronghold, nicolae_shop_sticking_my_neck_out
D:13:     layout_stronghold, david_vaults_4, grunt_ministairs_12,
          grunt_decor_clamped
D:14:     layout_loops_ring, nzn_hepliaklqana_mist_gate, serial_shops,
          kennysheep_mini_moat, uniq_frances
D:15:     gammafunk_depths_entry_grave, layout_basic, nicolae_figureground_pulse
Temple:   minmay_temple_curvy_loop
Lair:1:   layout_roguey, grunt_megastairs_1, infiniplex_staircase_pool_2,
          uniq_erica
Lair:2:   layout_gridlike
Lair:3:   layout_gridlike, minmay_swamp_entry_eels,
          minmay_snake_entry_guardpost_small, gauntlet_entry_generic,
          beast_lair_carwin_9, uniq_nergalle
Lair:4:   layout_layer_cave, nicolae_quartered_pool_medium, grunt_megastairs_3,
          infiniplex_staircase_pool
Lair:5:   layout_layer_cave
Lair:6:   hellmonk_lair_end_abyssal_woods, layout_small_grid, slime_dummy
Swamp:1:  layout_basic_swamp, nicolae_swamp_some_circles, swamp_pool5
Swamp:2:  layout_falls_marsh, evilmike_swamp_ruin_house_6
Swamp:3:  layout_falls_marsh, evilmike_swamp_ruin_house_4, uniq_roxanne,
          uniq_mlioglotl
Swamp:4:  grunt_swamp_rune_castle, layout_basic_swamp, swamp_pool4,
          uniq_bai_suzhen
Snake:1:  layout_gridlike, grunt_megastairs_2, uniq_azrael
Snake:2:  layout_basic, nicolae_shop_overcharged_wands, minmay_shop_star
Snake:3:  layout_rooms, serial_shops, shop, minmay_shoptagon
Snake:4:  johnstein_snake_rune_scales, layout_chambers,
          ebering_ghost_inner_flame, serial_shops, nicolae_shop_stone,
          uniq_agnes
Orc:1:    layout_caves, nicolae_volcano_entry_hallway, hangedman_minor_magic
Orc:2:    grunt_orc_gardens, layout_caves, grunt_orc_garden, grunt_orc_garden,
          grunt_orc_garden, grunt_orc_garden, serial_shops, shop, basic_altar,
          gammafunk_ghost_arena
Vaults:1: st_cross, v_misc_33, nicolae_vaults_little_squares_1,
          nicolae_vaults_little_squares_4, nicolae_vaults_circle_grid_a,
          vaults_room_fours, nicolae_vaults_back_hallway, v_alt_pattern_6,
          layout_vaults_chaotic_city, uniq_donald
Vaults:2: nicolae_vaults_circle_grid_a, v_misc_30, vaults_room_boxed, v_misc_29,
          vaults_standard_mumra_enter_the_diamond, grunt_vaults_hallway_short,
          nicolae_vaults_network_star, ontoclasm_vaults_gateway,
          vaults_room_hallway, layout_vaults_quadrants, uniq_margery
Vaults:3: vaults_room_fancy_cross, hangedman_vaults_restitches, v_misc_29,
          hangedman_vaults_variations, minmay_crypt_entry_necro_gods,
          nicolae_vaults_display_case, hangedman_vaults_stagger, v_misc_11,
          v_misc_13, v_misc_5, vaults_dpeg_ring, vaults_room_door_ring,
          layout_vaults_ring, serial_shops, shop, uniq_mennas
Vaults:4: nicolae_vaults_specimen_jars, v_alt_pattern_1, v_misc_33,
          hangedman_vaults_maws, hangedman_vaults_slice, v_misc_24,
          ontoclasm_vaults_bender, vaults_room_corners, vaults_mumra_minichess,
          nicolae_vaults_network_s, nicolae_vaults_statue_guard, v_misc_24,
          layout_vaults_big_cross, serial_shops, shop
Depths:1: layout_gridlike, nicolae_hell_entry_hellmouth_sunbeams,
          ashenzari_altar_1, grunt_pan_entry_zigzag,
          grunt_guarded_unrand_obsidian_axe, serial_bayou_shore_a,
          serial_bayou_shore_b
Depths:2: lemuel_river_lethe, hell_entry, pan_entry, uniq_saint_roka
Depths:3: nicolae_cairo_tiling_large_dashed, layout_gridlike,
          pf_vacation_house_of_asmodeus, grunt_pan_entry_in_and_out,
          abyss_entry, kennysheep_just_a_vault, uniq_sojobo

Skill      XL: |  1  2  3  4  5  6  7  8  9 10 11 12 13 14 15 16 17 18 19 20 21 |
---------------+----------------------------------------------------------------+-----
Axes           | 4 5 6 7 9 11 14 18 19 20 22 23 24 | 24.0
Fighting       | 4 5 6 7 8 9 10 12 13 14 16 17 18 20 21 22 | 22.3
Armour         | 3 4 5 6 7 8 10 11 13 14 15 17 18 19 21 22 | 22.2
Dodging        | 3 4 5 6 7 8 9 11 12 13 14 16 17 18 19 20 | 20.7
Evocations     | 2 3 5 8 9 11 12 14 | 14.1

Action                   |  1- 3 |  4- 6 |  7- 9 | 10-12 | 13-15 | 16-18 | 19-21 | 22-24 || total
-------------------------+-------+-------+-------+-------+-------+-------+-------+-------++-------
Melee: Hand axe          |    81 |   111 |   216 |       |       |       |       |       ||   408
       Headbutt          |    12 |    19 |    50 |    77 |   155 |   251 |   326 |     2 ||   892
       Punch             |     1 |     2 |     6 |     3 |       |       |       |       ||    12
       War axe           |       |       |    67 |   118 |       |       |       |       ||   185
       Battleaxe         |       |       |    19 |   207 |    30 |    85 |       |       ||   341
       Executioner's axe |       |       |       |    68 |   778 |  1062 |  1184 |    11 ||  3103
Throw: Dart              |       |       |     2 |       |     1 |       |       |       ||     3
Invok: Berserk           |       |     3 |     8 |    12 |     4 |     8 |     1 |       ||    36
       Trog's Hand       |       |       |     1 |     8 |     3 |     2 |     7 |       ||    21
Evoke: Wand              |       |     1 |     1 |       |     3 |     1 |       |       ||     6
       Tin of tremorston |       |       |       |       |       |     2 |       |       ||     2
       Condenser vane    |       |       |       |       |       |     1 |       |       ||     1
  Use: Scroll            |     1 |     1 |     7 |    13 |     8 |     4 |     1 |       ||    35
       Potion            |       |       |       |       |       |       |     3 |       ||     3
 Stab: Paralysed         |       |       |     4 |       |       |       |       |       ||     4
Armor: Animal skin       |     2 |       |       |       |       |       |       |       ||     2
       Ring mail         |    30 |    33 |   106 |    99 |       |       |       |       ||   268
       Chain mail        |       |       |       |    10 |   241 |       |       |       ||   251
       Plate armour      |       |       |       |       |   204 |   131 |   484 |    12 ||   831
       Leather armour    |       |       |       |       |       |   145 |       |       ||   145
       Swamp dragon scal |       |       |       |       |       |   345 |       |       ||   345
Dodge: Dodged            |    64 |    88 |   166 |   244 |   426 |   855 |   887 |    19 ||  2749
Block: Other             |       |       |     4 |    11 |       |       |       |       ||    15
